 Dungeon Crawl Stone Soup version 0.26-a0-524-g073066f631 (webtiles) character file.

Game seed: 8535497197582694248

697333 Myldir the Pyromancer (level 27, -41/194 HPs)
             Began as a Gargoyle Earth Elementalist on Aug 9, 2020.
             Was the Champion of Vehumet.
             Killed from afar by an orb of fire (70 damage)
             ... with a bolt of fire
             ... on level 17 of a ziggurat on Aug 13, 2020.
             The game lasted 03:56:21 (87110 turns).

Myldir the Pyromancer (GrEE)                       Turns: 87110, Time: 03:56:22

Health: -41/194    AC: 46    Str: 12      XL:     27
Magic:  35/54      EV: 21    Int: 40      God:    Vehumet [******]
Gold:   9771       SH:  8    Dex: 10 (11) Spells: 2/62 levels left

rFire    . . .     SeeInvis +   T - +9 demon whip (elec)
rCold    . . .     Faith    .   U - +3 warlock's mirror {reflect}
rNeg     + . .     Spirit   .   c - +5 steam dragon scales
rPois    ∞         Reflect  +   i - +2 hat {SInv}
rElec    +         Harm     .   z - +2 cloak
rCorr    .                      J - +2 pair of gloves {Dex+3}
MR       ++...                  f - +2 pair of boots {Fly}
Stlth    ++........             W - amulet of Vitality {Regen+ HP+15}
HPRegen  0.82/turn              S - ring "Ulick" {MP+9 Int+6}
MPRegen  0.34/turn              P - ring "Ekoc" {Wiz Int+7 Slay+2}

@: flying, very slightly contaminated, studying 2 skills
A: big wings, repulsion field 1, slimy green scales 1, clumsy 1, deterioration
1, negative energy resistance 1, shaggy fur 1, electricity resistance, weak 1,
unbreathing, petrification resistance, rot immunity, MP-powered wands, AC +20
}: 4/15 runes: barnacled, slimy, silver, gossamer
a: Stop Flying, Renounce Religion


You were on level 17 of a ziggurat.
You worshipped Vehumet.
Vehumet was exalted by your worship.
You visited 12 branches of the dungeon, and saw 54 of its levels.
You visited 1 ziggurat, and saw 17 of its levels.
You also visited: Trove, Gauntlet and Ice Cave.

You collected 13884 gold pieces.
You spent 4113 gold pieces at shops.

Inventory:

Hand Weapons
 x - the +7 sceptre of Torment {pain, torment}
   (You found it on level 5 of a ziggurat)

   In the hands of one skilled in necromantic magic, it inflicts extra damage on
   living creatures.
 T - a +9 demon whip of electrocution (weapon)
Missiles
 G - 8 throwing nets (quivered)
Armour
 c - +5 steam dragon scales (worn)
 f - a +2 pair of boots of flying (worn)
 i - a +2 hat of see invisible (worn)
 z - a +2 cloak (worn)
 J - a +2 pair of gloves of dexterity (worn)
 L - the -2 hat of the Alchemist {rElec rPois rF+ rC+ rN+ MR+ rMut rCorr}
   (You found it on level 12 of a ziggurat)

   It protects you from fire.
   It protects you from cold.
   It insulates you from electricity.
   It protects you from poison.
   It protects you from negative energy.
   It affects your resistance to hostile enchantments.
   It provides partial protection from all sources of acid and corrosion.
   It protects you from mutation.
 U - the +3 warlock's mirror (worn) {reflect}
   (You took it off a tengu reaver on level 2 of the Depths)
Magical Staves
 d - an uncursed staff of energy
Jewellery
 o - the ring "Quomofa" {+Inv rElec rPois Str+2 SInv}
   (You found it in a Gauntlet)

   [ring of see invisible]

   It affects your strength (+2).
   It insulates you from electricity.
   It protects you from poison.
   It lets you see invisible.
   It lets you turn invisible.
 u - the ring "Achyj" {rCorr Int+2}
   (You found it on level 3 of the Elven Halls)

   [ring of resist corrosion]

   It affects your intelligence (+2).
   It provides partial protection from all sources of acid and corrosion.
 P - the ring "Ekoc" (right hand) {Wiz Int+7 Slay+2}
   (You found it in a treasure trove)

   [ring of wizardry]

   It improves your spell success rate.
   It affects your intelligence (+7).
   It affects your accuracy and damage with ranged weapons and melee attacks
   (+2).
 S - the ring "Ulick" (left hand) {MP+9 Int+6}
   (You took it off a tengu reaver on level 2 of the Depths)

   [ring of intelligence]

   It affects your intelligence (+6).
   It affects your magic capacity (+9).
 W - the amulet of Vitality (around neck) {Regen+ HP+15}
   (You found it on level 13 of a ziggurat)

   [amulet of regeneration]

   It affects your health (+15).
   It increases your rate of regeneration.
Wands
 q - a wand of acid (17)
 R - a wand of iceblast (8)
Scrolls
 a - a scroll of brand weapon
 b - 3 scrolls of enchant armour
 e - 6 scrolls of amnesia
 j - 14 scrolls of fog
 p - 15 scrolls of blinking
 r - 9 scrolls of immolation
 w - 35 scrolls of teleportation
 y - 27 scrolls of remove curse
 A - 3 scrolls of summoning
 D - 4 scrolls of holy word
 I - 4 scrolls of enchant weapon
 O - 2 scrolls of magic mapping
 X - 9 scrolls of identify
Potions
 g - 23 potions of ambrosia
 h - 4 potions of invisibility
 k - 4 potions of might
 l - 20 potions of curing
 m - 11 potions of mutation
 s - 2 potions of magic
 t - 2 potions of brilliance
 v - 10 potions of heal wounds
 B - 7 potions of berserk rage
 F - 9 potions of cancellation
 M - a potion of haste
 V - 2 potions of stabbing
Books
 n - a manual of Conjurations
 C - a manual of Shields
Miscellaneous
 E - a condenser vane (2/2)
 H - a phantom mirror
 K - a box of beasts (3/3)
 N - a lightning rod (4/4)


   Skills:
 + Level 20.2 Fighting
 - Level 16.0 Maces & Flails
 - Level 6.0 Armour
 - Level 15.3 Dodging
 - Level 2.1 Stealth
 - Level 5.0 Shields
 + Level 18.1 Spellcasting
 + Level 21.7 Conjurations
 + Level 12.2 Necromancy
 - Level 9.0 Transmutations
 - Level 22.0 Fire Magic
 + Level 7.8 Ice Magic
 - Level 21.2 Earth Magic
 - Level 6.0 Evocations


You had 2 spell levels left.
You knew the following spells:

 Your Spells              Type           Power        Failure   Level
a - Shatter               Erth           ########..   1%          9
b - Absolute Zero         Ice            #######...   91%         9
c - Lee's Rapid Deconstr  Erth           ########..   0%          5
d - Iron Shot             Conj/Erth      ########..   0%          6
e - Necromutation         Tmut/Necr      #######...   26%         8
f - Starburst             Conj/Fire      ########..   0%          6
g - Ignition              Fire           ########..   1%          8
i - Fire Storm            Conj/Fire      ########..   1%          9

Your spell library contained the following spells:

 Spells                   Type           Power        Failure   Level
 Tornado                  Air            #####.....   100%        9
 Animate Skeleton         Necr           ######       0%          1
 Beastly Appendage        Tmut           ######       0%          1
 Foxfire                  Conj/Fire      ####         0%          1
 Magic Dart               Conj           ####         0%          1
 Pain                     Necr           ####         0%          1
 Sandblast                Erth           ######       0%          1
 Shock                    Conj/Air       ####         0%          1
 Passwall                 Tmut/Erth      ########     0%          2
 Apportation              Tloc           #####.       1%          1
 Corona                   Hex            #####..      1%          1
 Freeze                   Ice            ####         1%          1
 Sting                    Tmut/Pois      ####         1%          1
 Summon Small Mammal      Summ           ####         1%          1
 Blink                    Tloc           N/A          1%          2
 Call Imp                 Summ           #####...     1%          2
 Corpse Rot               Necr/Air       N/A          1%          2
 Ensorcelled Hibernation  Hex/Ice        ######       1%          2
 Poisonous Vapours        Pois/Air       #####.       1%          2
 Slow                     Hex            #####...     1%          2
 Swiftness                Air            #####...     1%          2
 Wereblood                Tmut           #######.     1%          2
 Conjure Flame            Conj/Fire      ########     0%          3
 Stone Arrow              Conj/Erth      ######       0%          3
 Vampiric Draining        Necr           #######...   0%          3
 Hailstorm                Conj/Ice       ########     0%          4
 Petrify                  Tmut/Erth      ########     0%          4
 Sticky Flame             Conj/Fire      ########     0%          4
 Bolt of Magma            Conj/Fire/Erth ########..   0%          5
 Borgnjor's Vile Clutch   Necr/Erth      ########..   0%          5
 Fireball                 Conj/Fire      ########..   0%          5
 Iskenderun's Battlesphe  Conj           ########     0%          5
 Call Canine Familiar     Summ           #####...     1%          3
 Confusing Touch          Hex            #####...     1%          3
 Dazzling Flash           Conj/Hex       ######       1%          3
 Frozen Ramparts          Ice            ######       1%          3
 Gell's Gravitas          Tloc           #####.....   1%          3
 Ignite Poison            Fire/Tmut/Pois #######.     1%          3
 Inner Flame              Hex/Fire       #######.     1%          3
 Lesser Beckoning         Tloc           #####.....   1%          3
 Mephitic Cloud           Conj/Pois/Air  #######.     1%          3
 Ozocubu's Armour         Ice            #######.     1%          3
 Portal Projectile        Hex/Tloc       #####.       1%          3
 Spider Form              Tmut/Pois      ######....   1%          3
 Static Discharge         Conj/Air       #######.     1%          3
 Summon Guardian Golem    Hex/Summ       #####...     1%          3
 Tukima's Dance           Hex            #####...     1%          3
 Animate Dead             Necr           #######...   1%          4
 Dispel Undead            Necr           #######.     1%          4
 Fulminant Prism          Conj/Hex       #######...   1%          4
 Ice Form                 Ice/Tmut       #######.     1%          4
 Iskenderun's Mystic Bla  Conj/Tloc      #######.     1%          4
 Leda's Liquefaction      Hex/Erth       #######...   1%          4
 Olgreb's Toxic Radiance  Pois           #####...     1%          4
 Summon Ice Beast         Ice/Summ       ######..     1%          4
 Agony                    Necr           #######.     1%          5
 Alistair's Intoxication  Tmut/Pois      ######...    1%          5
 Blade Hands              Tmut           #######...   1%          5
 Excruciating Wounds      Necr           #######...   1%          5
 Irradiate                Conj/Tmut      ########..   1%          5
 Lightning Bolt           Conj/Air       #######...   1%          5
 Metabolic Englaciation   Hex/Ice        ######....   1%          5
 Yara's Violent Unravell  Hex/Tmut       ######....   1%          5
 Conjure Ball Lightning   Conj/Air       #######...   1%          6
 Freezing Cloud           Conj/Ice/Air   #######...   1%          6
 Hydra Form               Tmut           #######...   1%          6
 Ozocubu's Refrigeration  Ice            #######...   1%          6
 Simulacrum               Ice/Necr       #######...   1%          6
 Orb of Destruction       Conj           ########..   1%          7
 Spellforged Servitor     Conj/Summ      #######...   1%          7
 Cause Fear               Hex            #####.....   3%          4
 Passage of Golubria      Tloc           N/A          3%          4
 Summon Lightning Spire   Summ/Air       #####...     3%          4
 Eringya's Noxious Bog    Tmut/Pois      ######....   8%          6
 Silence                  Hex/Air        #####.....   9%          5
 Summon Demon             Summ           #####.....   9%          5
 Summon Forest            Summ/Tloc      #####.....   9%          5
 Summon Mana Viper        Hex/Summ       #####...     9%          5
 Borgnjor's Revivificati  Necr           #######...   13%         8
 Infestation              Necr           #######...   13%         8
 Haunt                    Necr/Summ      ######....   21%         7
 Dispersal                Tloc           #####.....   41%         6
 Invisibility             Hex            #####...     41%         6
 Shadow Creatures         Summ           N/A          41%         6
 Death's Door             Necr           #######...   87%         9
 Malign Gateway           Summ/Tloc      #####.....   92%         7
 Monstrous Menagerie      Summ           #####.....   92%         7
 Summon Greater Demon     Summ           #####.....   92%         7
 Summon Hydra             Summ           #####.....   92%         7
 Controlled Blink         Tloc           N/A          100%        8
 Summon Horrible Things   Summ           #####.....   100%        8
 Sublimation of Blood     Necr           Unusable     N/A         2
 Statue Form              Tmut/Erth      Unusable     N/A         6

Dungeon Overview and Level Annotations

Branches:
Dungeon (15/15)            Temple (1/1) D:5            Lair (6/6) D:8
 Shoals (4/4) Lair:3       Spider (4/4) Lair:4        Slime (5/5) Lair:6
    Orc (2/2) D:10            Elf (3/3) Orc:2        Vaults (5/5) D:14
  Crypt (3/3) Vaults:3       Tomb (0/3) Crypt:3      Depths (5/5) D:15
   Hell (visited)             Zot (0/5) Depths:5      IceCv (visited)
Gauntlet (visited)
    Dis: Hell:1         Geh: Hell:1         Coc: Hell:1         Tar: Hell:1

Altars:
Ashenzari
Cheibriados
Elyvilon
Gozag
Hepliaklqana
Kikubaaqudgha
Makhleb
Okawaru
Ru
Uskayaw
Vehumet

Shops:
D:4 *   D:8 [   Orc:2 *([?   Elf:1 :   Elf:2 :   Shoals:1 }   Vaults:3 [*(

Portals:
Hell: Depths:1 Depths:2 Depths:4 Depths:5
Abyss: Depths:4

Annotations:
Lair:3 exclusion: 3 oklob plants
Elf:2 3 runed translucent doors
Vaults:4 2 runed translucent doors, Sassenached's ghost, adept DgWn


Innate Abilities, Weirdness & Mutations

You are resistant to torment.
Your stone body is resilient. (AC +20)
You are immune to poison.
Your large and strong wings let you fly indefinitely.
You resist negative energy. (rN+)
You are resistant to electric shocks. (rElec)
You can survive without breathing.
You are immune to petrification.
You are immune to rotting.
You are surrounded by a mild repulsion field. (EV +2)
You are partially covered in slimy green scales. (AC +2)
You are clumsy. (Dex -2)
Your body sometimes deteriorates upon taking damage.
You are covered in fur. (AC +1)
You are weak. (Str -2)
You expend magic power (3 MP) to strengthen your wands.


Message History

The orb of fire glows red.
Strange energies course through your body.
You feel weaker.
The orb of fire glows red.
The bolt of fire misses you.
A fire dragon comes into view.
A fire crab comes into view.
The orb of fire glows red.
The bolt of fire hits you!!!
* * * LOW HITPOINT WARNING * * *
Your body deteriorates!
You feel clumsy.
Unknown command.
Unknown command.
Press: ? - help, Dir - move target cursor You are very lightly contaminated with residual magic.
As you read the scroll of blinking, it crumbles to dust.
As you read the scroll of fog, it crumbles to dust.
The scroll dissolves into smoke.
The orb of fire glows bright magenta.
The bolt of fire hits you!!!
You die...

▓.........
▓▓▓▓▓▓▓▓▓.......)°
▓PP...............
▓PP...............
▓.P............†.)
▓............○....
▓§§§§....*..†...)t
▓∩§@§...*...*..)RD
▓.§§§§...*....*.R☼
▓§...§.........R°t
▓.........).....[.
▓.................
▓.............☼...
▓▓▓▓▓▓▓▓▓.........
▓.........


You could see 3 orbs of fire.

Vanquished Creatures
  the Royal Jelly (Slime:5)
  An ancient lich (Zig:17)
  Mara (Vaults:3)
  6 juggernauts
  Bai Suzhen (Vaults:4)
  Boris (Depths:4)
  A shard shrike (Zig:13)
  Frederick (Depths:4)
  5 golden dragons
  Xtahua (Vaults:4)
  Geryon (Hell)
  9 caustic shrikes
  2 bone dragons
  An electric golem (Zig:15)
  5 liches
  A hellephant (Zig:4)
  6 tentacled monstrosities
  A Hell Sentinel (Zig:12)
  2 Ice Fiends
  2 deep elf blademasters (Elf:3)
  3 quicksilver dragons
  12 titans
  Polyphemus (Shoals:2)
  26 acid blobs
  A tentacled starspawn (Zig:3)
  A pandemonium lord (Zig:12)
  5 deep elf master archers (Elf:3)
  2 Executioners
  8 sphinxes
  Gastronok (Lair:1)
  Murray (Hell)
  A kraken (Shoals:1)
  2 ancient champions
  Agnes (Spider:4)
  7 shadow dragons
  6 tengu reavers
  7 storm dragons
  Ilsuiw (Shoals:4)
  17 azure jellies
  Donald (Spider:2)
  A nagaraja (Zig:6)
  9 revenants
  3 ghost moths
  7 fire giants
  6 deep elf sorcerers
  3 draconian knights (Zig:13)
  4 iron dragons
  18 frost giants
  Aizul (Depths:2)
  3 curse skulls (Crypt:3)
  4 deep elf elementalists
  A juggernaut zombie (Zig:10)
  10 vault wardens
  A caustic shrike zombie (Zig:10)
  5 balrugs
  7 ghouls
  5 emperor scorpions (Spider:4)
  3 cacodemons (Zig:12)
  4 war gargoyles
  A draconian stormcaller (Depths:5)
  18 ironheart preservers
  5 entropy weavers
  8 reapers (Hell)
  12 very ugly things
  4 corrupters
  9 deep elf demonologists
  21 stone giants
  7 vampire knights
  2 green draconians (Depths:5)
  Nessos (Lair:4)
  2 black draconians (Depths:5)
  A dire elephant (Zig:4)
  4 lorocyprocas
  A black sun (Zig:12)
  A white draconian (Depths:5)
  A red draconian (Depths:5)
  2 deep elf annihilators (Elf:3)
  A minotaur (Gauntlet)
  A yellow draconian (Depths:5)
  9 death oozes
  22 spark wasps
  7 deep elf death magi
  12 merfolk javelineers
  4 blizzard demons
  7 merfolk impalers
  14 fire dragons
  14 ettins
  11 eidola
  5 deep elf high priests
  21 yaktaur captains
  10 jiangshi
  17 hydras
  13 ice dragons
  12 rakshasas
  5 merfolk avatars
  2 naga warriors (Zig:11)
  5 spriggan air magi
  A hell beast (Zig:12)
  15 great orbs of eyes
  4 catoblepae
  29 vault guards
  An anaconda (shapeshifter) (Depths:4)
  10 centaur warriors
  7 death knights
  5 merfolk aquamancers
  2 alligator snapping turtles
  2 spectral stone giants (Crypt:3)
  28 two-headed ogres
  9 deep troll earth magi
  An alligator (Zig:9)
  10 dancing weapons
  7 tengu warriors
  9 ogre magi
  A satyr (Shoals:2)
  3 death yaks (Shoals:2)
  7 deep troll shamans
  9 death scarabs
  3 hell hogs (Hell)
  4 vampire magi
  Urug (Lair:2)
  7 naga sharpshooters
  9 orc high priests
  4 shock serpents
  7 spriggan berserkers
  16 deep elf knights
  7 sun demons (Hell)
  8 soul eaters
  Sonja (Lair:3)
  A storm dragon zombie (Zig:10)
  A wretched star (Zig:16)
  Nergalle (Lair:4)
  16 hell knights
  47 skeletal warriors
  4 iron trolls
  A titan skeleton (Crypt:2)
  A salamander mystic (Zig:11)
  A sixfirhy (Zig:16)
  5 fire crabs
  3 spatial maelstroms (Zig:16)
  An entropy weaver zombie (Vaults:2)
  8 sea snakes
  26 deep trolls
  A spark wasp zombie (Zig:10)
  18 shadow wraiths
  3 spriggan druids
  5 unseen horrors
  A death drake (shapeshifter) (Vaults:3)
  6 wizards
  A glowing orange brain (shapeshifter) (Depths:4)
  15 large abominations
  10 flayed ghosts
  3 tengu zombies
  A ghost moth zombie (Crypt:3)
  A lindwurm (shapeshifter) (Depths:4)
  2 glowing orange brains
  4 swamp dragons (Zig:9)
  17 deep elf archers
  2 golden dragon skeletons
  An infernal demonspawn (Zig:12)
  3 starcursed masses (Zig:16)
  2 orange crystal statues (Zig:11)
  8 necromancers
  41 wolf spiders
  2 sphinx zombies (Hell)
  3 naga ritualists (Zig:11)
  18 orc knights
  3 wolf spider zombies
  An iron giant skeleton (Crypt:1)
  An obsidian statue (Zig:11)
  7 spectral wolf spiders (Spider:4)
  55 deep elf magi
  14 ironbrand convokers
  8 shining eyes
  25 phantasmal warriors
  17 orb spiders
  2 iron dragon zombies (Zig:10)
  18 harpies
  A mana viper (Zig:16)
  8 orc sorcerers
  3 fire giant zombies
  38 ugly things
  An oklob plant (Shoals:1)
  A salamander (Zig:6)
  5 moths of wrath
  12 manticores
  A stone giant zombie (Hell)
  9 merfolk sirens
  8 fauns
  3 frost giant zombies
  8 cyclopes
  Maurice (Orc:2)
  2 fire giant skeletons
  An iron dragon skeleton (Hell)
  A spriggan zombie (Zig:10)
  3 worldbinders (Zig:16)
  2 black mambas (shapeshifter) (Vaults:2)
  An elf zombie (Hell)
  7 water nymphs
  6 guardian serpents
  3 smoke demons
  An eye of devastation (shapeshifter) (Vaults:2)
  4 elephants (Lair:3)
  13 black mambas
  3 naga magi
  19 cane toads
  Joseph (D:8)
  2 gargoyles
  13 vault sentinels
  3 eyes of devastation
  A catoblepas zombie (Crypt:3)
  6 torpor snails
  3 ice statues
  2 hellions
  A titan simulacrum (Zig:13)
  3 cane toads (shapeshifter)
  10 rime drakes
  A yaktaur zombie (Vaults:2)
  18 komodo dragons
  A minotaur zombie (Crypt:2)
  16 freezing wraiths
  49 yaktaurs
  14 demonic crawlers
  A kobold demonologist (D:10)
  2 efreet
  A spark wasp simulacrum (Zig:13)
  A yellow draconian skeleton (Crypt:1)
  9 guardian mummies
  6 spectral redbacks (Spider:4)
  2 tengu conjurers (Depths:4)
  2 redback zombies (Spider:4)
  11 ice devils
  A grey draconian skeleton (Crypt:1)
  A tormentor (Zig:12)
  A black draconian skeleton (Crypt:2)
  4 hellwings
  A death drake zombie (Crypt:3)
  A minotaur skeleton (Crypt:3)
  3 meliai (D:14)
  A polar bear (shapeshifter) (Depths:5)
  A silent spectre (Zig:16)
  A meliai (shapeshifter) (D:13)
  11 wind drakes
  8 red devils
  37 jumping spiders
  2 queen bees
  10 trolls
  8 polar bears
  33 merfolk
  4 spectral tarantellas (Spider:4)
  A tyrant leech (Zig:9)
  20 hornets
  4 raiju
  4 spectral jumping spiders (Spider:4)
  A raiju (shapeshifter) (Depths:1)
  4 bog bodies (Crypt:2)
  A deep troll zombie (Hell)
  4 dream sheep
  15 blink frogs
  10 hippogriffs
  3 ice dragon zombies
  11 snapping turtles
  92 slime creatures
  A tarantella zombie (Spider:4)
  A fire dragon zombie (Hell)
  A stone giant simulacrum (Crypt:3)
  5 air elementals
  77 redbacks
  2 jumping spider zombies (Spider:4)
  A tarantella (shapeshifter) (Vaults:5)
  28 flying skulls
  11 shadows
  17 spriggans
  A spriggan (shapeshifter) (Vaults:2)
  An ushabti (Zig:5)
  35 yaks
  2 ynoxinuls
  2 ettin skeletons (Hell)
  25 tarantellas
  30 water elementals
  21 wraiths
  2 wyverns
  10 fire elementals
  A steam dragon (D:10)
  3 basilisks
  7 golden eyes
  12 humans
  A human (shapeshifter) (Vaults:1)
  3 neqoxecs (Zig:16)
  A chaos spawn (Zig:16)
  3 vampire mosquitoes
  6 wargs
  A spatial vortex (Zig:16)
  4 nagas
  7 insubstantial wisps
  An acid dragon (D:11)
  2 soldier ants
  8 hell hounds
  7 water moccasins
  3 hornet zombies (Spider:4)
  2 floating eyes
  A spectral hornet (Spider:4)
  A merfolk skeleton (Crypt:2)
  5 porcupines
  5 phantoms
  A deep troll skeleton (Vaults:4)
  5 eyes of draining
  46 orc warriors
  2 sky beasts
  A black bear (shapeshifter) (Elf:1)
  5 necrophages
  17 ice beasts
  5 black bears
  2 ettin simulacra
  35 ogres
  23 boggarts
  29 wolves
  A snapping turtle skeleton (Crypt:2)
  A manticore zombie (Crypt:1)
  17 centaurs
  18 crocodiles
  A lindwurm skeleton (Crypt:2)
  2 elf simulacra (Zig:13)
  15 bullfrogs
  A palentonga zombie (Crypt:3)
  3 big kobolds
  A draconian skeleton (Crypt:2)
  2 gnoll sergeants
  11 small abominations
  5 earth elementals
  2 human skeletons (Vaults:2)
  5 scorpions
  A hippogriff skeleton (Crypt:3)
  8 jellies
  A troll zombie (D:10)
  A warg skeleton (Crypt:1)
  48 killer bees
  12 wights
  A troll skeleton (Crypt:3)
  2 howler monkeys
  4 electric eels
  7 crimson imps
  A bullfrog zombie (D:13)
  A human simulacrum (Vaults:3)
  7 centaur skeletons
  3 centaur zombies
  37 orc priests
  20 orc wizards
  A quasit (D:9)
  8 hounds
  6 iron imps
  13 iguanas
  9 worker ants
  A killer bee zombie (D:10)
  An acid dragon zombie (Crypt:1)
  A deep dwarf zombie (Crypt:1)
  An ogre skeleton (Crypt:1)
  5 ogre zombies (D:10)
  A tengu skeleton (Hell)
  3 hound skeletons
  12 mummies
  Robin (D:2)
  9 gnolls
  17 adders
  A shadow imp (D:7)
  A white imp (D:9)
  2 ufetubi
  2 oozes
  An adder skeleton (D:3)
  3 worms
  A barachi skeleton (Crypt:3)
  5 dart slugs
  7 leopard geckos
  64 orcs
  2 ball pythons (D:2)
  7 bats
  7 giant cockroaches
  16 goblins
  7 hobgoblins
  3 jackals (D:4)
  A quokka (D:3)
  8 frilled lizards
  6 goblin skeletons
  2 goblin zombies (D:10)
  2 hobgoblin skeletons (D:10)
  3 hobgoblin zombies (D:10)
  15 kobolds
  A kobold skeleton (Crypt:1)
  7 orc zombies (D:10)
  2 quokka skeletons
  8 rats
  17 briar patches (Zig:17)
  2 bushes (D:1)
  24 fire vortices
  43 plants
  2 starspawn tentacles (Zig:3)
  A tentacle (Shoals:1)
2973 creatures vanquished.

Vanquished Creatures (collateral kills)
  Saint Roka (Depths:3)
  3 acid blobs (Slime:5)
  2 azure jellies (Slime:5)
  A vampire knight (Depths:4)
  A white draconian (Depths:5)
  A spark wasp (Depths:2)
  An ice dragon (Depths:5)
  A centaur warrior (Depths:4)
  5 slime creatures
  An eye of devastation (Slime:5)
  An ancient zyme (Zig:16)
  A water elemental (Depths:4)
  An orc warrior (Depths:3)
  An eye of draining (Zig:16)
  A gnoll (D:8)
  An adder zombie (D:4)
23 creatures vanquished.

Vanquished Creatures (others)
  A komodo dragon (Lair:4)
  A blink frog (Lair:4)
  A slime creature (Slime:5)
  A killer bee (Depths:4)
  A hound zombie (D:8)
  116 fire vortices
  5 fungi
  51 plants
  3 tentacles (Shoals:1)
180 creatures vanquished.

Grand Total: 3176 creatures vanquished

Notes
Turn   | Place    | Note
-------+----------+-------------------------------------------
     0 | D:1      | Myldir the Gargoyle Earth Elementalist began the quest for
                  | the Orb.
     0 | D:1      | Reached XP level 1. HP: 10/10 MP: 3/3
   330 | D:1      | Reached XP level 2. HP: 10/15 MP: 1/5
   695 | D:1      | Reached XP level 3. HP: 16/19 MP: 6/6
   703 | D:1      | Learned a level 3 spell: Stone Arrow
  1387 | D:2      | Noticed Robin
  1428 | D:2      | Killed Robin
  1428 | D:2      | Reached skill level 1 in Conjurations
  1678 | D:2      | Reached XP level 4. HP: 22/24 MP: 8/8
  2667 | D:3      | Reached skill level 5 in Earth Magic
  2793 | D:3      | Reached XP level 5. HP: 20/28 MP: 8/10
  2810 | D:3      | Learned a level 5 spell: Lee's Rapid Deconstruction
  3336 | D:4      | Noticed a phantom
  3337 | D:4      | Reached XP level 6. HP: 24/32 MP: 11/11
  3395 | D:4      | Killed a phantom
  3395 | D:4      | Reached XP level 7. HP: 15/36 MP: 0/13
  3632 | D:4      | Found Heghuebu's Assorted Antiques.
  3644 | D:4      | Learned a level 3 spell: Dazzling Flash
  3671 | D:4      | Bought a scroll labeled HEDOVU MAHA for 31 gold pieces
  3671 | D:4      | Bought a scroll labeled MOMNOY KA MIDU for 31 gold pieces
  3671 | D:4      | Bought a scroll labeled GIETRI ZARIQ for 31 gold pieces
  3671 | D:4      | Bought a scroll labeled ATUC PYCILISOI for 31 gold pieces
  3671 | D:4      | Bought a grey potion for 27 gold pieces
  3671 | D:4      | Bought a scroll of identify for 62 gold pieces
  3709 | D:4      | Found an ancient bone altar of Kikubaaqudgha.
  4072 | D:4      | Found a radiant altar of Vehumet.
  4075 | D:4      | Became a worshipper of Vehumet
  4512 | D:4      | Learned a level 2 spell: Passwall
  4553 | D:5      | Entered Level 5 of the Dungeon
  4857 | D:5      | Found a staircase to the Ecumenical Temple.
  4864 | Temple   | Entered the Ecumenical Temple
  4887 | D:5      | Found a snail-covered altar of Cheibriados.
  4887 | D:5      | Found an opulent altar of Gozag.
  5018 | D:5      | Found a hide-covered altar of Uskayaw.
  5048 | D:5      | Got a shimmering hand axe
  5158 | D:5      | Reached skill level 5 in Spellcasting
  5159 | D:5      | Reached skill level 5 in Conjurations
  5159 | D:5      | Reached XP level 8. HP: 33/41 MP: 4/15
  5479 | D:6      | Found a sacrificial altar of Ru.
  6327 | D:7      | Reached skill level 1 in Fighting
  6327 | D:7      | Reached skill level 1 in Armour
  6341 | D:7      | Reached * piety under Vehumet
  6341 | D:7      | Offered knowledge of Shock by Vehumet.
  6372 | D:7      | Found an iron altar of Okawaru.
  6393 | D:7      | Reached skill level 1 in Evocations
  6618 | D:7      | Gained mutation: You have a pair of small horns on your
                  | head. [potion of mutation]
  6618 | D:7      | Gained mutation: You tend to lose your temper in combat.
                  | [potion of mutation]
  6618 | D:7      | Gained mutation: You are agile. (Dex +2) [potion of
                  | mutation]
  6619 | D:7      | Lost mutation: You tend to lose your temper in combat.
                  | [potion of mutation]
  6619 | D:7      | Lost mutation: You are agile. (Dex +2) [potion of mutation]
  6619 | D:7      | Lost mutation: You have a pair of small horns on your head.
                  | [potion of mutation]
  6619 | D:7      | Gained mutation: You are covered in fur. (AC +1) [potion of
                  | mutation]
  6619 | D:7      | Gained mutation: You have an increased reservoir of magic.
                  | (+10% MP) [potion of mutation]
  6913 | D:7      | Found a sacrificial altar of Ru.
  7117 | D:7      | Reached XP level 9. HP: 48/48 MP: 14/19
  7148 | D:7      | Found a white marble altar of Elyvilon.
  7543 | D:8      | Noticed Joseph
  7788 | D:8      | Killed Joseph
  7790 | D:8      | Offered knowledge of Searing Ray by Vehumet.
  7936 | D:7      | Reached skill level 1 in Maces & Flails
  8136 | D:8      | Found a staircase to the Lair.
  8138 | D:8      | Reached ** piety under Vehumet
  8292 | D:8      | Found Fearew's Armour Shop.
  8759 | D:9      | Identified the +4 hand axe of Spores {vamp, *Noise rElec
                  | rC+ Dex+4} (You found it on level 5 of the Dungeon)
  9124 | D:9      | Found a burning altar of Makhleb.
  9140 | D:9      | Offered knowledge of Ignite Poison by Vehumet.
  9145 | D:9      | Reached XP level 10. HP: 49/56 MP: 16/21
  9296 | D:9      | Reached *** piety under Vehumet
  9968 | D:10     | Entered Level 10 of the Dungeon
 10082 | D:10     | Found a staircase to the Orcish Mines.
 10131 | D:10     | Offered knowledge of Iskenderun's Mystic Blast by Vehumet.
 10217 | D:10     | Reached **** piety under Vehumet
 10572 | D:10     | Noticed a brown ugly thing
 10575 | D:10     | Noticed a kobold demonologist
 10585 | D:10     | HP: 2/58 [acid (10)]
 10588 | D:10     | Killed a brown ugly thing
 10591 | D:10     | Killed a kobold demonologist
 10591 | D:10     | Offered knowledge of Bolt of Magma by Vehumet.
 10999 | D:10     | Reached skill level 5 in Fighting
 11480 | D:10     | Killed an unseen horror
 11480 | D:10     | Reached skill level 5 in Armour
 11480 | D:10     | Reached XP level 11. HP: 33/64 MP: 23/23
 11717 | D:11     | Killed an unseen horror
 11807 | D:11     | Learned a level 5 spell: Bolt of Magma
 12043 | D:11     | Reached skill level 1 in Fire Magic
 12384 | D:11     | Killed an unseen horror
 12616 | D:11     | Found a radiant altar of Vehumet.
 12783 | D:11     | Reached skill level 2 in Fire Magic
 13502 | D:13     | Noticed a deep elf mage
 13502 | D:13     | Noticed a two-headed ogre
 13555 | D:13     | Noticed a two-headed ogre
 13564 | D:13     | Killed a two-headed ogre
 13569 | D:13     | Reached skill level 3 in Fire Magic
 13577 | D:13     | Noticed a centaur warrior
 13718 | D:13     | Killed a deep elf mage
 13792 | D:13     | Reached skill level 10 in Earth Magic
 13806 | D:13     | Found a gate leading to a gauntlet.
 13815 | Gauntlet | Entered a Gauntlet
 13815 | Gauntlet | Found a large runed translucent door.
 13815 | Gauntlet | Found a large runed translucent door.
 13815 | Gauntlet | Found a large runed translucent door.
 13815 | Gauntlet | Found a large runed translucent door.
 13815 | Gauntlet | Found a runed translucent door.
 13815 | Gauntlet | Found a large runed translucent door.
 13815 | Gauntlet | Found a large runed translucent door.
 13815 | Gauntlet | Found a transporter.
 13815 | Gauntlet | Found a transporter.
 13815 | Gauntlet | Found a large runed translucent door.
 13815 | Gauntlet | Found a large runed translucent door.
 13815 | Gauntlet | Found a runed translucent gate.
 13815 | Gauntlet | Found a runed translucent gate.
 13815 | Gauntlet | Found a transporter.
 13815 | Gauntlet | Found a transporter.
 13815 | Gauntlet | Noticed a wretched star
 13819 | Gauntlet | Found a transporter.
 13830 | Gauntlet | Found a transporter.
 13853 | Gauntlet | Found a transporter.
 13873 | Gauntlet | Found a transporter.
 13873 | Gauntlet | Noticed an oklob plant
 13891 | Gauntlet | Found a transporter.
 13899 | Gauntlet | Found a transporter.
 13899 | Gauntlet | Noticed a death ooze
 13917 | Gauntlet | Found a transporter.
 13940 | Gauntlet | Found a runed translucent door.
 13941 | Gauntlet | Found a large runed translucent door.
 13941 | Gauntlet | Found a large runed translucent door.
 13941 | Gauntlet | Found a large runed translucent door.
 13941 | Gauntlet | Found a large runed translucent door.
 13942 | Gauntlet | Found a large runed translucent door.
 13942 | Gauntlet | Found a large runed translucent door.
 13943 | Gauntlet | Found a large runed translucent door.
 13943 | Gauntlet | Found a large runed translucent door.
 13952 | Gauntlet | Found a runed translucent gate.
 13969 | Gauntlet | Found the +2 ratskin cloak {*Rats rPois rN+ Str-1 Int-1
                  | Dex+1}
 13970 | Gauntlet | Found a transporter.
 13972 | Gauntlet | Noticed a green death
 14031 | Gauntlet | Got a fine platinum ring
 14035 | Gauntlet | Reached skill level 5 in Maces & Flails
 14393 | Gauntlet | Identified the cursed +1 arbalest of Untruth {vorpal, +Fly
                  | MR+ Int-2}
 14393 | Gauntlet | Identified the ring "Jeilyamm" {Str+4 SInv}
 14393 | Gauntlet | Noticed a minotaur
 14403 | Gauntlet | Killed a minotaur
 14403 | Gauntlet | Reached skill level 5 in Dodging
 14403 | Gauntlet | Reached skill level 5 in Evocations
 14667 | Gauntlet | Identified the ring "Quomofa" {+Inv rElec rPois Str+2 SInv}
                  | (You found it in a Gauntlet)
 14669 | Gauntlet | Identified the Catalogue of Translocation
 14671 | Gauntlet | Got a crude kite shield
 14680 | Gauntlet | Identified the Handbook of Hexes
 14692 | D:13     | Reached XP level 12. HP: 71/71 MP: 21/25
 14698 | D:13     | Killed a two-headed ogre
 14737 | D:12     | Identified the +5 kite shield of Patience {Harm} (You found
                  | it in a Gauntlet)
 14762 | D:12     | Reached skill level 4 in Fire Magic
 14899 | D:13     | Killed a centaur warrior
 15041 | D:13     | Noticed a two-headed ogre
 15048 | D:13     | Killed a two-headed ogre
 15317 | D:14     | Noticed a centaur warrior
 15329 | D:14     | Killed a centaur warrior
 15405 | D:14     | Noticed a two-headed ogre
 15407 | D:14     | Killed a two-headed ogre
 15407 | D:14     | Reached skill level 5 in Fire Magic
 15901 | D:14     | Reached ***** piety under Vehumet
 15901 | D:14     | Offered knowledge of Spellforged Servitor by Vehumet.
 15904 | D:14     | Noticed a vault guard
 15968 | D:14     | Killed a vault guard
 16387 | D:14     | Reached skill level 6 in Fire Magic
 16389 | D:14     | Reached XP level 13. HP: 76/76 MP: 11/27
 16475 | D:14     | Noticed a vault guard
 16483 | D:14     | Killed a vault guard
 17563 | D:14     | Found a gate to the Vaults.
 17741 | Lair:1   | Entered Level 1 of the Lair of Beasts
 17779 | Lair:1   | Learned a level 6 spell: Starburst
 17875 | Lair:1   | Reached skill level 7 in Fire Magic
 18370 | Lair:1   | Noticed Gastronok
 18379 | Lair:1   | Killed Gastronok
 19164 | Lair:2   | Reached skill level 10 in Conjurations
 19180 | Lair:2   | Reached skill level 8 in Fire Magic
 19816 | Lair:2   | Noticed Urug
 19827 | Lair:2   | Killed Urug
 19827 | Lair:2   | Gained mutation: Your large and strong wings let you fly
                  | indefinitely. [Gargoyle growth]
 19827 | Lair:2   | Reached XP level 14. HP: 60/84 MP: 29/29
 20188 | Lair:3   | Noticed Sonja
 20196 | Lair:3   | Killed Sonja
 20356 | Lair:3   | Got a jewelled mace
 20357 | Lair:3   | Identified the +0 mace of Nucaip {protect, rC+ MP-9 Dex+4}
                  | (You found it on level 3 of the Lair of Beasts)
 20847 | Lair:3   | Found a staircase to the Shoals.
 21711 | Lair:4   | Noticed Nergalle
 21716 | Lair:4   | Killed Nergalle
 21740 | Lair:4   | Reached skill level 9 in Fire Magic
 21978 | Lair:4   | You are sucked into a shaft and drop 1 floor!
 22181 | Lair:5   | Offered knowledge of Sticky Flame by Vehumet.
 23429 | Lair:4   | Noticed Nessos
 23451 | Lair:4   | Killed Nessos
 23654 | Lair:4   | Found a hole to the Spider Nest.
 24853 | Lair:5   | Identified Sif Muna's Volume of Creative Moulding
 24952 | Lair:6   | Entered Level 6 of the Lair of Beasts
 25091 | Lair:6   | Reached XP level 15. HP: 69/91 MP: 31/31
 25125 | Lair:6   | Reached skill level 10 in Fire Magic
 25167 | Lair:6   | Offered knowledge of Iron Shot by Vehumet.
 25460 | Lair:5   | Learned a level 6 spell: Iron Shot
 25706 | Lair:6   | Found a snail-covered altar of Cheibriados.
 27026 | Lair:6   | Found a staircase to the Slime Pits.
 27875 | Orc:1    | Entered Level 1 of the Orcish Mines
 27960 | Orc:1    | Found a frozen archway.
 27970 | IceCv    | Entered an ice cave
 28192 | IceCv    | Reached skill level 10 in Spellcasting
 28485 | IceCv    | Got a sparkling platinum ring
 28497 | IceCv    | Identified the ring of Xanwot {rC- MR++ Str-4 Dex+4 SInv}
                  | (You found it in an ice cave)
 29428 | Orc:2    | Entered Level 2 of the Orcish Mines
 29431 | Orc:2    | Noticed Maurice
 29444 | Orc:2    | Killed Maurice
 29581 | Orc:2    | Offered knowledge of Ozocubu's Refrigeration by Vehumet.
 29678 | Orc:2    | Found a staircase to the Elven Halls.
 29736 | Orc:2    | Reached skill level 10 in Fighting
 29843 | Orc:2    | Reached skill level 11 in Fire Magic
 30192 | Orc:2    | Found Citeonuda's Magic Scroll Emporium.
 30192 | Orc:2    | Found Kacu's General Store.
 30193 | Orc:2    | Found Leegarph's Armour Emporium.
 30193 | Orc:2    | Found Miarucaz's Antique Weapon Shoppe.
 30202 | Orc:2    | Bought a potion of invisibility for 80 gold pieces
 30210 | Orc:2    | Bought a scroll of enchant armour for 75 gold pieces
 30210 | Orc:2    | Bought a scroll of identify for 20 gold pieces
 30210 | Orc:2    | Bought a scroll of magic mapping for 35 gold pieces
 30210 | Orc:2    | Bought a scroll of teleportation for 30 gold pieces
 30210 | Orc:2    | Bought a scroll of identify for 20 gold pieces
 30210 | Orc:2    | Bought a scroll of blinking for 75 gold pieces
 30210 | Orc:2    | Bought a scroll of holy word for 75 gold pieces
 30210 | Orc:2    | Bought a scroll of magic mapping for 35 gold pieces
 30210 | Orc:2    | Bought a scroll of identify for 20 gold pieces
 30210 | Orc:2    | Bought a scroll of identify for 20 gold pieces
 30969 | D:15     | Entered Level 15 of the Dungeon
 31356 | D:15     | Paralysed by a wizard for 6 turns
 31366 | D:15     | Reached XP level 16. HP: 93/98 MP: 22/33
 31446 | D:15     | Found a staircase to the Depths.
 31879 | D:15     | Got a fine brass ring
 31880 | D:15     | Identified the ring "Umnu" {+Blink rF- rN+++ Int+6 Stlth-}
                  | (You found it on level 15 of the Dungeon)
 32547 | Spider:1 | Entered Level 1 of the Spider Nest
 33113 | Spider:1 | Offered knowledge of Iskenderun's Battlesphere by Vehumet.
 34196 | Spider:2 | Reached skill level 12 in Fire Magic
 34532 | Spider:2 | Reached skill level 10 in Maces & Flails
 34594 | Spider:2 | Offered knowledge of Lightning Bolt by Vehumet.
 35283 | Spider:2 | Noticed Donald
 35293 | Spider:2 | Killed Donald
 35802 | Spider:3 | Reached XP level 17. HP: 96/104 MP: 18/35
 36117 | Spider:3 | Learned a level 8 spell: Ignition
 36514 | Spider:3 | Reached ****** piety under Vehumet
 36855 | Spider:3 | Offered knowledge of Lehudib's Crystal Spear by Vehumet.
 37624 | Shoals:1 | Entered Level 1 of the Shoals
 37730 | Shoals:1 | Found a shattered altar of Ashenzari.
 38364 | Shoals:1 | Found Baheah's Gadget Shoppe.
 38627 | Shoals:1 | Noticed a kraken
 38644 | Shoals:1 | Killed a kraken
 38991 | Shoals:2 | Reached skill level 13 in Fire Magic
 39169 | Shoals:2 | Noticed Polyphemus
 39177 | Shoals:2 | Killed Polyphemus
 41673 | Shoals:3 | Reached XP level 18. HP: 74/112 MP: 27/36
 42786 | Elf:1    | Entered Level 1 of the Elven Halls
 43279 | Elf:1    | Found a radiant altar of Vehumet.
 43607 | Elf:1    | Offered knowledge of Fire Storm by Vehumet.
 43607 | Elf:1    | Offered knowledge of Shatter by Vehumet.
 43607 | Elf:1    | Offered knowledge of Tornado by Vehumet.
 43629 | Elf:1    | Identified the Incunabulum of the Compass and Sinister
                  | Rites
 43825 | Elf:2    | Found Fesoit's Book Shop.
 43831 | Elf:2    | Reached skill level 14 in Fire Magic
 44813 | Elf:2    | Found a runed translucent gate.
 44814 | Elf:2    | Found a runed translucent gate.
 44814 | Elf:2    | Found a runed translucent gate.
 45273 | Elf:3    | Entered Level 3 of the Elven Halls
 45772 | Elf:3    | Identified the +3 robe "Puhapner" {Regen+ MP+9 Int+3} (You
                  | found it on level 3 of the Elven Halls)
 46055 | Elf:3    | Noticed a deep elf master archer
 46057 | Elf:3    | Noticed a deep elf master archer
 46069 | Elf:3    | Noticed a deep elf blademaster
 46072 | Elf:3    | Killed a deep elf master archer
 46072 | Elf:3    | Reached skill level 10 in Dodging
 46072 | Elf:3    | Killed a deep elf master archer
 46072 | Elf:3    | Killed a deep elf blademaster
 46078 | Elf:3    | Noticed a deep elf blademaster
 46088 | Elf:3    | Noticed a deep elf master archer
 46089 | Elf:3    | Killed a deep elf master archer
 46089 | Elf:3    | Reached skill level 15 in Earth Magic
 46095 | Elf:3    | Killed a deep elf blademaster
 46454 | Elf:3    | Reached XP level 19. HP: 90/118 MP: 18/38
 46903 | Elf:3    | Found the +3 robe of Folly {Archmagi, MR-- Int+5}
 46913 | Elf:3    | Found the ring of the Octopus King
 46947 | Elf:3    | Got a ring of the Octopus King
 47070 | Elf:3    | Got a glittering ivory ring
 47071 | Elf:3    | Identified the ring "Achyj" {rCorr Int+2} (You found it on
                  | level 3 of the Elven Halls)
 47096 | Elf:3    | Identified the +1 leather armour of Intercession {rElec MR-
                  | Str+7 Stlth+} (You found it on level 3 of the Elven Halls)
 47098 | Elf:3    | Identified the +0 cloak of Heobboito {rC+} (You found it on
                  | level 3 of the Elven Halls)
 47622 | Spider:4 | Entered Level 4 of the Spider Nest
 48270 | Spider:4 | Noticed Agnes
 48276 | Spider:4 | Killed Agnes
 48276 | Spider:4 | Reached skill level 15 in Fire Magic
 48757 | Spider:4 | Got a gossamer rune of Zot
 49678 | Shoals:4 | Entered Level 4 of the Shoals
 50137 | Shoals:4 | Noticed Ilsuiw
 50140 | Shoals:4 | Reached XP level 20. HP: 108/124 MP: 38/40
 50144 | Shoals:4 | Killed Ilsuiw
 50828 | Shoals:4 | Got a barnacled rune of Zot
 52480 | Vaults:1 | Entered Level 1 of the Vaults
 52916 | Vaults:1 | Reached skill level 16 in Fire Magic
 54376 | Vaults:2 | Reached XP level 21. HP: 132/132 MP: 28/41
 55206 | Vaults:2 | Reached skill level 15 in Conjurations
 57271 | Vaults:3 | Reached skill level 17 in Fire Magic
 57294 | Vaults:3 | Noticed Mara
 57305 | Vaults:3 | Noticed Myldir's illusion
 57705 | Vaults:3 | Learned a level 9 spell: Fire Storm
 58287 | Vaults:3 | Noticed Myldir's illusion
 58289 | Vaults:3 | Killed Mara
 58972 | Vaults:3 | Found Gozag's Antique Armour Shoppe.
 58992 | Vaults:3 | Reached XP level 22. HP: 101/138 MP: 29/43
 59128 | Vaults:3 | Found Gozag's Antique Weapon Emporium.
 59128 | Vaults:3 | Found an opulent altar of Gozag.
 59137 | Vaults:3 | Bought a silken robe for 570 gold pieces
 59137 | Vaults:3 | Identified the cursed +1 robe "Kaifusch" {Harm rElec rF+}
                  | (You bought it in a shop on level 3 of the Vaults)
 59189 | Vaults:3 | Found Gozag's Assorted Antiques.
 59466 | Vaults:3 | Bought a scroll of identify for 200 gold pieces
 59466 | Vaults:3 | Bought a scroll of blinking for 750 gold pieces
 59466 | Vaults:3 | Bought a scroll labeled JOWUYF SATI for 100 gold pieces
 59466 | Vaults:3 | Bought a wand of acid (9) for 800 gold pieces
 59468 | Vaults:3 | Acquired 840 gold pieces
 59490 | Vaults:3 | Bought a warped dire flail for 900 gold pieces
 59492 | Vaults:3 | Identified the +4 dire flail of Dismay {flame, rPois Str+3}
                  | (You bought it in a shop on level 3 of the Vaults)
 59859 | Orc:2    | Bought a scroll of identify for 20 gold pieces
 59859 | Orc:2    | Bought a scroll of enchant weapon for 75 gold pieces
 60231 | Vaults:3 | Found a staircase to the Crypt.
 60768 | Vaults:4 | Found a large runed translucent door.
 60768 | Vaults:4 | Found a large runed translucent door.
 60769 | Vaults:4 | Noticed Sassenached's ghost (adept DgWn)
 60893 | Vaults:4 | Noticed Bai Suzhen
 60903 | Vaults:4 | Killed Bai Suzhen
 61411 | Vaults:4 | Got a coiled ivory ring
 61412 | Vaults:4 | Identified the ring "Nifippeg" {rN+ SInv} (You found it on
                  | level 4 of the Vaults)
 62547 | Vaults:4 | Noticed Xtahua
 62552 | Vaults:4 | Killed Xtahua
 62978 | Vaults:3 | Learned a level 9 spell: Shatter
 62982 | Crypt:1  | Entered Level 1 of the Crypt
 63001 | Crypt:1  | Reached skill level 15 in Fighting
 63667 | Crypt:1  | Reached skill level 18 in Fire Magic
 64471 | Crypt:2  | Reached XP level 23. HP: 111/144 MP: 23/45
 65575 | Crypt:3  | Entered Level 3 of the Crypt
 67016 | Crypt:3  | Gained mutation: You are dopey. (Int -2) [mutagenic glow]
 67548 | Crypt:3  | Found a staircase to the Tomb.
 67824 | Crypt:3  | Found an ancient bone altar of Kikubaaqudgha.
 68217 | Crypt:3  | Identified the Compendium of Dark Arts
 68270 | Crypt:3  | Got a brightly glowing jade ring
 68270 | Crypt:3  | Got a faintly glowing silver ring
 68271 | Crypt:3  | Identified the ring "Seunwy" {rPois rN+ Dex+2 SInv} (You
                  | found it on level 3 of the Crypt)
 68273 | Crypt:3  | Identified the ring "Eteene" {+Blink rElec rN+ Dex-3 SInv}
                  | (You found it on level 3 of the Crypt)
 68831 | Vaults:5 | Entered Level 5 of the Vaults
 68833 | Vaults:5 | Reached XP level 24. HP: 152/152 MP: 45/45
 68834 | Vaults:5 | Reached skill level 19 in Fire Magic
 69104 | Vaults:5 | Identified the ring "Keopea" {rN+ Int+4}
 69189 | Vaults:4 | Lost mutation: You are dopey. (Int -2) [potion of mutation]
 69189 | Vaults:4 | Lost mutation: You have an increased reservoir of magic.
                  | (+10% MP) [potion of mutation]
 69189 | Vaults:4 | Gained mutation: You are partially covered in slimy green
                  | scales. (AC +2) [potion of mutation]
 69189 | Vaults:4 | Gained mutation: You are clumsy. (Dex -2) [potion of
                  | mutation]
 69189 | Vaults:4 | Gained mutation: You are surrounded by a mild repulsion
                  | field. (EV +2) [potion of mutation]
 69189 | Vaults:4 | Gained mutation: You expend magic power (3 MP) to
                  | strengthen your wands. [potion of mutation]
 69705 | Vaults:5 | Reached skill level 15 in Maces & Flails
 69934 | Vaults:5 | Identified the ring of Symmetry {Dex+2 Slay+3 Stlth+}
 69992 | Vaults:5 | Identified the amulet "Xefu" {rElec rPois Regen+}
 70596 | Vaults:5 | Got a coiled silver ring
 70597 | Vaults:5 | Identified the ring of Uwim {Int+6 SInv} (You found it on
                  | level 5 of the Vaults)
 70659 | Vaults:5 | Identified the Guide on the Frostbite and Transformation
 70670 | Vaults:5 | Got a silver rune of Zot
 71187 | Vaults:5 | Identified the Handbook of the Mutagenic Compass
 71622 | Depths:1 | Entered Level 1 of the Depths
 71644 | Depths:1 | Reached skill level 15 in Spellcasting
 71644 | Depths:1 | Reached XP level 25. HP: 126/159 MP: 14/42
 71811 | Depths:1 | Paralysed by a floating eye for 3 turns
 72263 | Depths:1 | Found a gateway to Hell.
 72550 | Depths:1 | Paralysed by a great orb of eyes for 3 turns
 72698 | Depths:1 | Acquired 1360 gold pieces
 73122 | Depths:2 | Reached skill level 20 in Fire Magic
 74480 | Depths:2 | Found a burning altar of Makhleb.
 74483 | Depths:2 | Identified the ring "Ulick" {MP+9 Int+6}
 74738 | Depths:2 | Found a portal to a secret trove of treasure.
 74766 | Depths:2 | Noticed Aizul
 74772 | Depths:2 | Killed Aizul
 74905 | Hell     | Entered the Vestibule of Hell
 74905 | Hell     | Noticed Geryon
 74913 | Hell     | Killed Geryon
 74913 | Hell     | Reached skill level 1 in Shields
 75040 | Hell     | Noticed Murray
 75045 | Hell     | Killed Murray
 75051 | Hell     | Reached XP level 26. HP: 83/166 MP: 42/42
 75411 | Depths:2 | You paid a toll of the horn of Geryon to enter a treasure
                  | trove
 75412 | Trove    | Entered a treasure trove
 75441 | Trove    | Got a twitching copper ring
 75443 | Trove    | Got an ancient pewter ring
 75445 | Trove    | Got a flickering amber ring
 75447 | Trove    | Got a smoking copper ring
 75449 | Trove    | Identified the ring of Tomorrow {rCorr Int+2} (You found it
                  | in a treasure trove)
 75451 | Trove    | Identified the ring of Zakhept {rElec SInv} (You found it
                  | in a treasure trove)
 75453 | Trove    | Identified the ring "Asicseri" {rElec MR+ MP+9 Str+3} (You
                  | found it in a treasure trove)
 75455 | Trove    | Identified the ring "Ekoc" {Wiz Int+7 Slay+2} (You found it
                  | in a treasure trove)
 75476 | Trove    | Identified Sif Muna's Papyrus of Cold
 75971 | Depths:3 | Noticed Saint Roka
 75975 | Depths:3 | Killed Saint Roka
 75992 | Depths:3 | Paralysed by a floating eye for 4 turns
 77784 | Depths:4 | Noticed Frederick
 77787 | Depths:4 | Killed Frederick
 77834 | Depths:4 | Noticed Boris
 77844 | Depths:4 | Killed Boris
 77844 | Depths:4 | Reached skill level 5 in Shields
 77856 | Depths:4 | Reached skill level 21 in Fire Magic
 79069 | Depths:4 | Identified the +5 great sword of the Iron City of Dis
                  | {antimagic, rElec rN+ Int+3}
 79072 | Depths:4 | Noticed a juggernaut
 79163 | Depths:4 | Identified the cursed +1 robe "Egomiul" {rC+ Dex+3}
 79195 | Depths:4 | Found a gateway to a ziggurat.
 79197 | Depths:4 | Found a one-way gate to the infinite horrors of the Abyss.
 79211 | Depths:4 | Reached XP level 27. HP: 140/172 MP: 14/42
 79220 | Depths:4 | Killed a juggernaut
 79473 | Depths:4 | Identified the Tome of Aerial Bewitchment
 79480 | Depths:4 | Identified the +1 robe "Punix" {rN+ Str+2 Dex-2} (You found
                  | it on level 4 of the Depths)
 80160 | Depths:5 | Entered Level 5 of the Depths
 80358 | Depths:4 | Upgraded the game from 0.26-a0-505-g732bf3b8d2 to
                  | 0.26-a0-524-g073066f631
 82027 | Depths:5 | Found a gate to the Realm of Zot.
 82147 | Depths:5 | Found a hazy altar of Hepliaklqana.
 82160 | Depths:5 | Identified the Almanac of Ignition
 82895 | Slime:1  | Entered Level 1 of the Pits of Slime
 82899 | Slime:1  | Reached skill level 22 in Fire Magic
 84090 | Slime:2  | Gained mutation: Your body sometimes deteriorates upon
                  | taking damage. [a shining eye]
 84310 | Slime:4  | Reached skill level 15 in Dodging
 84424 | Slime:5  | Entered Level 5 of the Pits of Slime
 84770 | Slime:5  | Noticed the Royal Jelly
 84773 | Slime:5  | Killed the Royal Jelly
 84995 | Slime:5  | Identified the Catalogue of Ice and Heat
 84998 | Slime:5  | Got a slimy rune of Zot
 85004 | Slime:5  | Identified the Papyrus of Cloudy Ignition
 85029 | Slime:5  | Identified Mofab's Collected Works on Aerial Flames
 85072 | Slime:5  | Identified the +10 quarterstaff of Compound Interest
                  | {freeze, Str+4} (You found it on level 5 of the Pits of
                  | Slime)
 85494 | Zig:1    | Entered Level 1 of a ziggurat
 85514 | Zig:2    | Entered Level 2 of a ziggurat
 85644 | Zig:2    | Learned a level 8 spell: Necromutation
 85664 | Zig:2    | Learned a level 9 spell: Absolute Zero
 85667 | Zig:3    | Entered Level 3 of a ziggurat
 85671 | Zig:3    | Reached skill level 1 in Transmutations
 85696 | Zig:4    | Entered Level 4 of a ziggurat
 85701 | Zig:4    | Reached skill level 1 in Ice Magic
 85702 | Zig:4    | Reached skill level 1 in Necromancy
 85842 | Zig:5    | Entered Level 5 of a ziggurat
 85850 | Zig:5    | Found the +7 sceptre of Torment {pain, torment}
 85892 | Zig:6    | Entered Level 6 of a ziggurat
 85900 | Zig:6    | Found the +5 robe of Night {Dark MR+ SInv}
 85943 | Zig:7    | Entered Level 7 of a ziggurat
 85977 | Zig:8    | Entered Level 8 of a ziggurat
 85989 | Zig:8    | Found the amulet of the Air {Inacc +Fly rElec EV+5 RMsl}
 86007 | Zig:8    | Identified the +0 robe "Padoleig" {rCorr Int+4 Dex-5} (You
                  | found it on level 8 of a ziggurat)
 86042 | Zig:9    | Entered Level 9 of a ziggurat
 86074 | Zig:9    | Identified the Reference Book on Quantum Contamination
 86087 | Zig:10   | Entered Level 10 of a ziggurat
 86112 | Zig:10   | Identified the +2 hat of the Old World {rElec rF- rC++ rN+}
                  | (You found it on level 10 of a ziggurat)
 86114 | Zig:10   | Identified Goitel's Disquisition on Dusty Evil Magic
 86128 | Zig:10   | Identified Wopluriq's Volume of the Freezing Blaze
 86144 | Zig:11   | Entered Level 11 of a ziggurat
 86199 | Zig:12   | Entered Level 12 of a ziggurat
 86215 | Zig:12   | Noticed Doraqeps the pandemonium lord
 86222 | Zig:12   | Killed Doraqeps the pandemonium lord
 86495 | Zig:12   | Found the -2 hat of the Alchemist {rElec rPois rF+ rC+ rN+
                  | MR+ rMut rCorr}
 86533 | Zig:12   | Identified the Collected Works on Fire and Conjuration
 86541 | Zig:13   | Entered Level 13 of a ziggurat
 86556 | Zig:13   | Found the amulet of Vitality {Regen+ HP+15}
 86556 | Zig:13   | Reached skill level 5 in Ice Magic
 86573 | Zig:13   | Got a translucent steel ring
 86574 | Zig:13   | Identified the ring of Fofut {+Blink rPois AC+4 Int-5} (You
                  | found it on level 13 of a ziggurat)
 86615 | Zig:14   | Entered Level 14 of a ziggurat
 86629 | Zig:14   | Noticed a juggernaut
 86629 | Zig:14   | Noticed a juggernaut
 86630 | Zig:14   | Noticed a juggernaut
 86630 | Zig:14   | Noticed a juggernaut
 86631 | Zig:14   | Noticed a juggernaut
 86633 | Zig:14   | Killed a juggernaut
 86633 | Zig:14   | Killed a juggernaut
 86633 | Zig:14   | Reached skill level 10 in Necromancy
 86634 | Zig:14   | Killed a juggernaut
 86634 | Zig:14   | Reached skill level 5 in Transmutations
 86637 | Zig:14   | Killed a juggernaut
 86638 | Zig:14   | Killed a juggernaut
 86787 | Zig:15   | Entered Level 15 of a ziggurat
 86974 | Zig:16   | Entered Level 16 of a ziggurat
 87053 | Zig:16   | Identified the +1 leather armour "Fagaps" {rN+} (You found
                  | it on level 16 of a ziggurat)
 87067 | Zig:16   | Identified the +8 morningstar "Qupyelixt" {flame, *Slow
                  | rPois rF+ Dex+6} (You found it on level 16 of a ziggurat)
 87079 | Zig:16   | Identified the +0 buckler of Winter {rPois} (You found it
                  | on level 16 of a ziggurat)
 87091 | Zig:17   | Entered Level 17 of a ziggurat
 87093 | Zig:17   | Noticed an ancient lich
 87100 | Zig:17   | Noticed an orb of fire
 87101 | Zig:17   | Noticed an orb of fire
 87102 | Zig:17   | Killed an ancient lich
 87103 | Zig:17   | Noticed an orb of fire
 87104 | Zig:17   | Noticed an orb of fire
 87108 | Zig:17   | Gained mutation: You are weak. (Str -2) [an orb of fire]
 87110 | Zig:17   | Killed from afar by an orb of fire

Illustrated notes

Levels and vault maps discovered:
D:1:      sevenhm_arrival_forest_fort_small_6, layout_loops_ring, serial_forest,
          infiniplex_forest_lined_room_3, infiniplex_forest_clump_long,
          infiniplex_forest_lined_room_3, infiniplex_forest_straight_3,
          infiniplex_forest_lined_room_2, infiniplex_forest_straight_3,
          infiniplex_forest_clump_tiny, infiniplex_forest_end_2
D:2:      layout_basic, uniq_robin
D:3:      layout_basic
D:4:      layout_loops_cross, lemuel_doored_altar, overflow_temple_1_default,
          serial_shops, nicolae_shop_overgrown_old_shop, grunt_tough_drop
D:5:      layout_gridville, gammafunk_temple_overflow_pools,
          overflow_temple_1_default, minmay_temple_entry_hall, lightli_minifort
D:6:      layout_basic, nicolae_overflow_hidden_temple, serial_corexii_hall,
          corexii_hall_statues_i, chequers_hall_statues_y, st_stairs_7
D:7:      layout_rooms, okawaru_humans, elyvilon_altar_3,
          minmay_misc_feat_enclosed, nicolae_ru_great_annihilating_truth
D:8:      layout_basic, lair_entry_dummy, serial_shops, shop, uniq_joseph
D:9:      layout_roguey, demons_altar
D:10:     layout_loops_ring, zombieorc1_lemuel
D:11:     layout_basic, basic_altar
D:12:     layout_roguey
D:13:     layout_cave_pools, gauntlet_entry_generic
D:14:     layout_cave_pools, ximxim_vaults_locker_room, special_room
          [special_room_bee]
D:15:     grunt_enter_depths_magical_seal, layout_small_grid, roderic_lattice_a,
          hangedman_decor_clover_reticule, statue_in_the_mist_lemuel
Temple:   nicolae_temple_figure_eight
Lair:1:   layout_misc_corridors, chequers_serial_rivers_micro_d, uniq_gastronok
Lair:2:   beast_lair_carwin_large_3, layout_misc_corridors, patterned_corridor,
          grunt_megastairs_3, uniq_urug
Lair:3:   layout_hall_layers, elwin_shoals_entry_stream,
          minmay_lair_oklob_chamber, serial_bayou_shore_a, uniq_sonja
Lair:4:   layout_cave_pods, spider_nest_entry_webs, uniq_nergalle, uniq_nessos
Lair:5:   layout_long_grid
Lair:6:   minmay_lair_end_enchanted_forest, layout_cave_pods,
          nicolae_slime_entry_slimehenge, kennysheep_snail_temple,
          grunt_megastairs_4
Shoals:1: layout_shoals, serial_shops, shop, lemuel_oklob_altar
Shoals:2: layout_shoals, uniq_polyphemus
Shoals:3: nzn_motion_control, layout_shoals
Shoals:4: shoals_end_grunt_ice, layout_shoals, shoals_ilsuiw_ice
Spider:1: layout_spider_delve, drop_trap
Spider:2: nicolae_spider_corner, nicolae_spider_circle_web, uniq_donald
Spider:3: layout_spider_delve
Spider:4: floodkiller_spider_rune_tomb, uniq_agnes
Slime:1:  layout_caves, cheibrodos_slime_lost_civilization_7
Slime:2:  layout_caves
Slime:3:  layout_caves
Slime:4:  layout_caves
Slime:5
Orc:1:    layout_diamond_mine, portal_ice_cave_entry_pillars_2
Orc:2:    st_orc_pillars, layout_diamond_mine, uniq_maurice
Elf:1:    eino_elf_arrival_customs, layout_rooms, basic_altar,
          kennysheep_underground_church
Elf:2:    layout_onion_city, serial_shops, shop
Elf:3:    minmay_elf_hall, layout_onion_city, minmay_misc_feat_diagonals
Vaults:1: grunt_vaults_focal, v_misc_24, ontoclasm_vaults_gallery,
          dpeg_vaults_monster_box, hangedman_vaults_stitches, v_rooms_4,
          vaults_room_corners, nicolae_vaults_gold_heap, vaults_room_hallway,
          v_alt_pattern_5, dpeg_vaults_monster_row, v_misc_14,
          layout_vaults_maze_snakey
Vaults:2: v_misc_2, nicolae_vaults_good_morning_starshine,
          ontoclasm_vaults_chip, grunt_vaults_diagonal, vaults_room_boxed,
          hangedman_vaults_stretched_pinwheel, hangedman_vaults_cutoff,
          v_rooms_3, vaults_room_stairs_pillars, nicolae_vaults_three_branches,
          nicolae_vaults_little_squares_4, nicolae_vaults_little_squares_4,
          ontoclasm_vaults_twist, layout_vaults_omnicross
Vaults:3: nicolae_vaults_shelves_hall, vaults_standard_mumra_enter_the_diamond,
          kennysheep_vaults_gozag_temple, minmay_crypt_entry_simple_walls,
          hangedman_vaults_corner_blocks, serial_ice_h, vaults_standard_mumra_x,
          v_misc_23, layout_vaults_chaotic_city, uniq_mara
Vaults:4: ebering_vaults_ghost_disaster_area, v_misc_18, v_rooms_2, v_pattern_2,
          v_alt_pattern_3, nicolae_vaults_c_with_doors,
          ontoclasm_vaults_misaligned, v_rooms_4, v_misc_25,
          hangedman_vaults_slice, ontoclasm_vaults_loading_screen,
          nicolae_vaults_asterisk, vaults_room_door_ring, layout_vaults_ring,
          uniq_xtahua, uniq_bai_suzhen
Vaults:5: serial_shops
Crypt:1:  layout_misc_corridors, grunt_ministairs_10,
          serial_sigils_hangedman_gnaw, grunt_crypt_arrival_webbed
Crypt:2:  layout_rooms
Crypt:3:  church_of_pain_bobbens, layout_chaotic_city,
          nicolae_tomb_entry_grand_gallery
Depths:1: layout_gridville, chequers_serial_rivers_marsh, hellmouth_3,
          minmay_misc_feat_columns, laboratory
Depths:2: minmay_the_grid_triangle_9x9_rhombus_full_mashed
          [minmay_the_grid_triangle_9x9_impossible_snake,
          minmay_the_grid_triangle_9x9_skeleton,
          minmay_the_grid_triangle_9x9_semitri,
          minmay_the_grid_triangle_9x9_sparse_checkered,
          minmay_the_grid_triangle_9x9_descending_squares,
          minmay_the_grid_triangle_9x9_longest,
          minmay_the_grid_triangle_9x9_shrine,
          minmay_the_grid_triangle_9x9_prize_top_heavy], layout_gridlike,
          nicolae_twisting_strands, pf_hell_entry_great_geh, enter_trove_1,
          minmay_fractal_squares_diagonal_5, uniq_aizul
Depths:3: minmay_bloctagon, layout_gridlike, rand_demon_pan_entry_3,
          pf_hell_entry_tar_river, infiniplex_staircase_hallway_doors,
          minmay_shop_grove, firewood_loft, uniq_saint_roka
Depths:4: box_level_dp, hell_entry, abyss_entry, uniq_boris, uniq_frederick
Depths:5: grunt_twist_and_shout, layout_basic, serial_bayou,
          serial_bayou_lake_a, serial_bayou_lagoon_a, serial_bayou_pond_d,
          serial_bayou_shore_b, grunt_metal_band, minmay_misc_feat_roman,
          minmay_misc_feat_nine_boxes, argonaut_fire_from_heaven
Hell
Zig:17:   ziggurat_pillar_centre_c, ziggurat_pillar_centre_c,
          ziggurat_pillar_centre_c, ziggurat_pillar_centre_c

Skill      XL: |  1  2  3  4  5  6  7  8  9 10 11 12 13 14 15 16 17 18 19 20 21 22 23 24 25 26 27 |
---------------+----------------------------------------------------------------------------------+-----
Earth Magic    | 4 5 6 7 8 9 10 11 12 13 14 15 16 17 18 19 21 | 21.2
Conjurations   | 1 2 3 5 6 7 8 9 10 11 12 13 14 15 16 17 18 21 | 21.7
Spellcasting   | 3 4 5 6 7 8 9 10 11 12 13 14 15 18 | 18.1
Fighting       | 2 3 5 6 7 8 9 10 11 12 13 14 15 16 17 20 | 20.2
Armour         | 2 3 5 6 |  6.0
Dodging        | 2 3 4 5 6 7 8 9 10 11 12 13 14 15 | 15.3
Evocations     | 1 3 4 5 6 |  6.0
Maces & Flails | 2 4 5 6 7 8 9 10 11 12 13 14 15 16 | 16.0
Fire Magic     | 3 6 8 9 11 12 13 14 15 16 17 18 19 20 21 22 | 22.0
Shields        | 2 5 |  5.0
Transmutations | 9 |  9.0
Ice Magic      | 7 |  7.8
Necromancy     | 12 | 12.2
Stealth        | |  2.1

Action                   |  1- 3 |  4- 6 |  7- 9 | 10-12 | 13-15 | 16-18 | 19-21 | 22-24 | 25-27 || total
-------------------------+-------+-------+-------+-------+-------+-------+-------+-------+-------++-------
Melee: Unarmed           |    30 |       |       |       |       |       |       |       |       ||    30
       Spear             |    31 |       |       |       |       |       |       |       |       ||    31
       Short sword       |   118 |       |       |       |       |       |       |       |       ||   118
       Dagger            |    32 |   163 |   440 |   109 |       |       |       |       |       ||   744
       Whip              |       |       |       |   346 |   865 |   790 |   737 |       |       ||  2738
       Demon whip        |       |       |       |       |       |       |    23 |   776 |   729 ||  1528
Throw: Throwing net      |       |       |       |       |       |       |     2 |       |       ||     2
 Cast: Sandblast         |    14 |    13 |    53 |    73 |    47 |    10 |     3 |       |       ||   213
       Lee's Rapid Decon |       |     1 |    10 |    42 |   108 |    87 |    50 |    60 |    50 ||   408
       Passwall          |       |       |     2 |       |     1 |       |       |       |       ||     3
       Stone Arrow       |       |       |     4 |     9 |    36 |       |       |     2 |     3 ||    54
       Bolt of Magma     |       |       |       |    16 |    72 |    21 |     7 |       |       ||   116
       Dazzling Flash    |       |       |       |     1 |     4 |       |       |       |       ||     5
       Starburst         |       |       |       |       |    10 |    41 |       |     1 |     3 ||    55
       Iron Shot         |       |       |       |       |       |   117 |   127 |    73 |    75 ||   392
       Ignition          |       |       |       |       |       |    26 |   105 |    57 |    68 ||   256
       Shatter           |       |       |       |       |       |       |       |    53 |   151 ||   204
       Fire Storm        |       |       |       |       |       |       |       |     4 |   107 ||   111
 Abil: Evoke Invisibilit |       |       |       |     1 |       |       |       |       |       ||     1
       Fly               |       |       |       |       |     1 |       |       |       |       ||     1
Evoke: Wand              |       |       |     3 |     6 |     7 |     5 |       |       |       ||    21
       Condenser vane    |       |       |       |     1 |     6 |     2 |     1 |     1 |     2 ||    13
       Lightning rod     |       |       |       |       |     6 |     2 |       |       |       ||     8
  Use: Scroll            |     4 |     7 |    14 |    16 |    17 |    21 |    16 |    20 |    31 ||   146
       Potion            |       |     3 |     4 |     9 |     7 |     4 |     6 |     7 |    20 ||    60
 Stab: Sleeping          |     3 |     3 |     5 |     2 |       |     2 |     2 |     3 |       ||    20
       Distracted        |       |       |     2 |       |       |       |       |       |     1 ||     3
       Paralysed         |       |       |     1 |       |       |       |       |       |       ||     1
       Invisible         |       |       |       |       |     6 |       |       |       |     1 ||     7
Armor: Robe              |    35 |    48 |   234 |   130 |       |       |       |       |       ||   447
       Skin              |       |    11 |       |       |       |       |       |       |       ||    11
       Steam dragon scal |       |       |       |   250 |   412 |   615 |   435 |   416 |   433 ||  2561
       Troll leather arm |       |       |       |     5 |       |       |       |       |       ||     5
Dodge: Dodged            |    83 |    80 |   373 |   476 |   552 |   809 |   673 |   486 |   575 ||  4107
Block: Buckler           |       |       |       |       |       |       |       |       |   175 ||   175
       Reflection        |       |       |       |       |       |       |       |       |    48 ||    48

Table legend: (Time is in decaauts)
 A = Elapsed time spent in this place.
 B = Non-inter-level travel time spent in this place.
 C = Inter-level travel time spent in this place.
 D = Time resting spent in this place.
 E = Time spent auto-exploring this place.
 F = Levels seen in this place.
 G = Mean time per level.
                   A        B        C        D        E       F      G
               +--------+--------+--------+--------+--------+-----+--------+
         Total |  85512 |  79408 |   6104 |  24726 |  39324 |  74 | 1155.6 |
       Dungeon |  20086 |  17867 |   2219 |   4083 |   9902 |  15 | 1339.1 |
        Temple |      1 |      1 |      0 |      0 |      0 |   1 |    1.0 |
          Lair |  10832 |  10014 |    818 |   2306 |   6169 |   6 | 1805.3 |
        Shoals |   7493 |   7174 |    319 |   2496 |   3502 |   4 | 1873.2 |
   Spider Nest |   6372 |   5920 |    452 |   2156 |   2692 |   4 | 1593.0 |
    Slime Pits |   2020 |   1935 |     85 |   1180 |    214 |   5 |  404.0 |
  Orcish Mines |   2660 |   2069 |    591 |    389 |   1242 |   2 | 1330.0 |
   Elven Halls |   4434 |   4171 |    263 |   1284 |   2043 |   3 | 1478.0 |
        Vaults |  12550 |  11745 |    805 |   3398 |   6529 |   5 | 2510.0 |
         Crypt |   5581 |   5433 |    148 |   2340 |   2235 |   3 | 1860.3 |
        Depths |  10146 |   9745 |    401 |   3478 |   4399 |   5 | 2029.2 |
          Hell |     51 |     51 |      0 |      0 |      0 |   1 |   51.0 |
      Ziggurat |   1564 |   1564 |      0 |    734 |      0 |  17 |   92.0 |
         Trove |    158 |    158 |      0 |     45 |     20 |   1 |  158.0 |
      Ice Cave |    695 |    695 |      0 |    273 |    225 |   1 |  695.0 |
      Gauntlet |    860 |    860 |      0 |    563 |    152 |   1 |  860.0 |
               +--------+--------+--------+--------+--------+-----+--------+

Top non-repeatable levels by time:
Vaults:4: 3582 daAuts
Depths:4: 3158 daAuts
Vaults:3: 3043 daAuts
  Lair:6: 2778 daAuts
Vaults:2: 2661 daAuts
  Lair:4: 2413 daAuts
Shoals:3: 2291 daAuts
    D:10: 2248 daAuts
Shoals:4: 2228 daAuts
Depths:2: 2211 daAuts
 Crypt:2: 2153 daAuts
Spider:3: 2014 daAuts
    D:15: 1943 daAuts
 Crypt:1: 1858 daAuts
Vaults:1: 1756 daAuts
